 Dungeon Sprint DCSS version 0.21.0-30-g47ce8e4 (webtiles) character file.

13100000 doot the Axe Maniac (level 27, -34/249 HPs)
             Began as a Demonspawn Warper on Jan 28, 2018.
             Was the Champion of Makhleb.
             Killed from afar by a wretched soul (94 damage)
             ... with a bolt of negative energy
             ... in the Dungeon (Sprint VIII: "Arena of Blood").
             The game lasted 00:08:58 (131 turns).

doot the Axe Maniac (Demonspawn Warper)              Turns: 131, Time: 00:08:59

Health: -34/249    AC:  6    Str: 14    XL:     27
Magic:  9/54       EV: 35    Int: 15    God:    Makhleb [******]
Gold:   0          SH:  0    Dex: 23    Spells: 72/80 levels left

rFire    + . .     SeeInvis .   k - +∞ Axe of Woe
rCold    . . .     Gourm    .   (shield currently unavailable)
rNeg     . . .     Faith    .   a - +0 leather armour
rPois    .         Spirit   .   (no helmet)
rElec    .         Reflect  .   (no cloak)
rCorr    .         Harm     .   (no gloves)
MR       ++...     NoTele   +   (boots unavailable)
Stlth    ++++++++++             (no amulet)
HPRegen  0.51/turn              (no ring)
MPRegen  0.34/turn              (no ring)

@: shrouded, berserk cooldown, hasted and slowed, drained
A: hooves 3, fire resistance 1, hurl damnation, foul stench 2, nightstalker 3,
rot immunity, flame cloud immunity, sturdy frame 3
a: Hurl Damnation, Minor Destruction, Lesser Servant of Makhleb, Major
Destruction, Greater Servant of Makhleb, Renounce Religion


You were in the Dungeon.
You worshipped Makhleb.
Makhleb was exalted by your worship.
You were not hungry.

You visited 1 branch

Inventory:

Hand Weapons
 k - the +∞ Axe of Woe (weapon)
   (You found it in the Dungeon)
Missiles
 d - 5 tomahawks of dispersal (quivered)
Armour
 a - a +0 leather armour (worn)
Scrolls
 c - 2 scrolls of blinking
Potions
 e - a potion of curing
 i - 2 potions of magic
Books
 b - a book of Spatial Translocations

   Spells                             Type                      Level
   a - Blink                          Translocation                2
   b - Shroud of Golubria             Charms/Translocation         2
   c - Lesser Beckoning               Translocation                3
   d - Gell's Gravitas                Translocation                3
   e - Teleport Other                 Translocation                3
   f - Passage of Golubria            Translocation                4
Comestibles
 f - a ration


   Skills:
 O Level 27(25.5) Fighting
 O Level 27(25.5) Axes
 O Level 27(25.5) Throwing
 O Level 27(25.5) Armour
 O Level 27(25.5) Dodging
 O Level 27(25.5) Stealth
 O Level 27(25.5) Unarmed Combat
 O Level 27(25.5) Spellcasting
 O Level 27(25.5) Charms
 O Level 27(25.5) Translocations
 O Level 27(25.5) Invocations
 O Level 27(25.5) Evocations


You had 72 spell levels left.
You knew the following spells:

 Your Spells              Type           Power        Failure   Level  Hunger
a - Blink                 Tloc           N/A          0%          2    None
b - Passage of Golubria   Tloc           N/A          0%          4    None
c - Shroud of Golubria    Chrm/Tloc      #######...   0%          2    None


Dungeon Overview and Level Annotations

Branches:
Dungeon (1/1)

Altars:
Makhleb


Innate Abilities, Weirdness & Mutations

You have hooves in place of feet.
Your flesh is heat resistant. (rF+)
You can hurl damnation.
You frequently emit foul miasma when damaged in melee.
You are completely attuned to the shadows.
You are immune to rotting.
You are immune to clouds of flame.
Your movements are significantly less encumbered by armour. (ER -6)


Message History

Okay, then.
Unknown command.
Casting: Passage of Golubria
Confirm with . or Enter, or press ? or * to list all spells.
Okay, then.
Okay, then.
Unknown command.
Unknown command.
A demon appears!
You hear a shout!
You hear a roar!
You hear a shout!
The eight-headed meat hydra calls on the powers of darkness!
The eight-headed meat hydra convulses!
The bag of meat convulses!
A bag of meat comes into view. It is wielding a +9 war axe.
The bag of meat shouts!
Your body is wracked with pain!
* * * LOW HITPOINT WARNING * * *
You hear a shout! x3
A bolt of negative energy appears from out of thin air!
The bolt of negative energy hits you!
You feel drained.
You die...

......_.)........
......#..%){#..oo...
......#_.<)_#.......
......#)))))#§...x.#
#...).).)_S§§%§.....
...^))))##)))§...
...###)).2)§§###..
.. #....^p§#.. . .
#.....@†)o..
.....)).V...
.....%.....
..DW......#
o......##


You could see an eight-headed meat hydra, a destroyer, a scourge, a fleshlord, a
dread, 2 bags of meat and a friendly cacodemon.

Vanquished Creatures
  5 hell beasts (D)
  A great orb of eyes (D)
  2 wraiths (D)
  Harold (D)
  2 liches (D)
  3 hydras (D)
  2 greater mummies (D)
  40 orcs (D)
  2 phantoms (D)
  3 skeletal warriors (D)
  A large abomination (D)
  4 small abominations (D)
  6 crawling corpses (D)
  14 vampire knights (D)
  20 ogres (D)
  5 two-headed ogres (D)
111 creatures vanquished.

Vanquished Creatures (others)
  An orc (D)
1 creature vanquished.

Grand Total: 112 creatures vanquished

Notes
Turn   | Place    | Note
-------+----------+-------------------------------------------
     0 | D        | Found the +∞ Axe of Woe
     0 | D        | doot the Demonspawn Warper began the quest for the Orb.
     0 | D        | Reached XP level 1. HP: 16/16 MP: 3/3
     3 | D        | Noticed a bag of meat
     4 | D        | Noticed a bag of meat
     4 | D        | Became a worshipper of Makhleb the Destroyer
     5 | D        | Noticed a bag of meat
     6 | D        | Noticed a bag of meat
     9 | D        | Killed a bag of meat
     9 | D        | Gained mutation: You are immune to rotting. [demonic ancestry]
     9 | D        | Reached XP level 2. HP: 22/22 MP: 5/5
     9 | D        | Reached XP level 3. HP: 27/27 MP: 6/6
     9 | D        | Reached XP level 4. HP: 33/33 MP: 7/7
     9 | D        | Gained mutation: Your movements are slightly less encumbered by armour. (ER -2) [demonic ancestry]
     9 | D        | Reached XP level 5. HP: 38/38 MP: 8/8
     9 | D        | Reached XP level 6. HP: 44/44 MP: 9/9
     9 | D        | Gained mutation: You may emit foul miasma when damaged in melee. [demonic ancestry]
     9 | D        | Reached XP level 7. HP: 50/50 MP: 10/10
     9 | D        | Reached XP level 8. HP: 56/56 MP: 11/11
     9 | D        | Reached XP level 9. HP: 61/61 MP: 12/12
     9 | D        | Reached XP level 10. HP: 67/67 MP: 13/13
     9 | D        | Gained mutation: You have large cloven feet. [demonic ancestry]
     9 | D        | Reached XP level 11. HP: 72/72 MP: 14/14
    10 | D        | Noticed a meat berserker
    10 | D        | Noticed a meat berserker
    10 | D        | Killed a bag of meat
    10 | D        | Reached * piety under Makhleb
    10 | D        | Reached skill level 27 in Axes
    10 | D        | Reached skill level 1 in Throwing
    10 | D        | Reached skill level 1 in Armour
    10 | D        | Gained mutation: You are slightly more attuned to the shadows. [demonic ancestry]
    10 | D        | Reached XP level 12. HP: 80/80 MP: 14/16
    11 | D        | Killed a bag of meat
    11 | D        | Gained mutation: You have hoof-like feet. [demonic ancestry]
    11 | D        | Reached XP level 13. HP: 98/98 MP: 14/26
    11 | D        | Killed a bag of meat
    11 | D        | Reached skill level 10 in Fighting
    11 | D        | Reached skill level 10 in Unarmed Combat
    11 | D        | Gained mutation: You have hooves in place of feet. [demonic ancestry]
    11 | D        | Reached XP level 14. HP: 111/111 MP: 14/30
    14 | D        | Killed a meat berserker
    14 | D        | Reached ** piety under Makhleb
    14 | D        | Reached skill level 5 in Throwing
    14 | D        | Reached skill level 5 in Armour
    14 | D        | Reached skill level 15 in Spellcasting
    14 | D        | Gained mutation: Your movements are less encumbered by armour. (ER -4) [demonic ancestry]
    14 | D        | Reached XP level 15. HP: 22/126 MP: 14/34
    14 | D        | Killed a meat berserker
    18 | D        | Learned a level 2 spell: Blink
    22 | D        | Noticed a meat berserker
    22 | D        | Noticed a meat berserker
    23 | D        | Noticed a large bag of meat
    23 | D        | Learned a level 4 spell: Passage of Golubria
    23 | D        | Reached skill level 15 in Dodging
    23 | D        | Reached skill level 15 in Unarmed Combat
    23 | D        | Reached XP level 16. HP: 28/143 MP: 16/39
    23 | D        | Reached *** piety under Makhleb
    25 | D        | Noticed a destroyer
    25 | D        | Killed a meat berserker
    25 | D        | Reached XP level 17. HP: 31/156 MP: 17/43
    25 | D        | Killed a meat berserker
    25 | D        | Reached **** piety under Makhleb
    25 | D        | Reached skill level 10 in Throwing
    25 | D        | Reached skill level 10 in Armour
    27 | D        | Noticed a destroyer
    27 | D        | Gained mutation: You are significantly more attuned to the shadows. [demonic ancestry]
    27 | D        | Reached XP level 18. HP: 142/171 MP: 13/47
    27 | D        | Killed a destroyer
    27 | D        | Reached skill level 27 in Spellcasting
    29 | D        | Noticed a meat berserker
    31 | D        | Killed a destroyer
    31 | D        | Reached skill level 27 in Fighting
    31 | D        | Reached XP level 19. HP: 189/189 MP: 14/50
    32 | D        | Killed a meat berserker
    32 | D        | Reached ***** piety under Makhleb
    32 | D        | Killed a large bag of meat
    32 | D        | Reached skill level 15 in Throwing
    32 | D        | Reached skill level 15 in Armour
    32 | D        | Reached skill level 27 in Dodging
    32 | D        | Reached skill level 27 in Unarmed Combat
    32 | D        | Gained mutation: You are completely attuned to the shadows. [demonic ancestry]
    32 | D        | Reached XP level 20. HP: 197/197 MP: 15/51
    35 | D        | Noticed a meat berserker
    37 | D        | Reached ****** piety under Makhleb
    38 | D        | Killed a meat berserker
    38 | D        | Gained mutation: Your movements are significantly less encumbered by armour. (ER -6) [demonic ancestry]
    38 | D        | Reached XP level 21. HP: 204/204 MP: 16/52
    39 | D        | Reached skill level 27 in Throwing
    39 | D        | Reached skill level 27 in Armour
    43 | D        | Noticed a destroyer
    43 | D        | Noticed a destroyer
    48 | D        | Gained mutation: Your flesh is heat resistant. (rF+) [demonic ancestry]
    48 | D        | Reached XP level 22. HP: 212/212 MP: 11/53
    49 | D        | Reached skill level 27 in Invocations
    50 | D        | Noticed a destroyer
    50 | D        | Reached skill level 27 in Stealth
    53 | D        | Gained mutation: You are immune to clouds of flame. [demonic ancestry]
    53 | D        | Reached XP level 23. HP: 219/219 MP: 9/54
    54 | D        | Noticed a destroyer
    54 | D        | Noticed a destroyer
    54 | D        | Killed a destroyer
    54 | D        | Reached skill level 27 in Translocations
    56 | D        | Killed a destroyer
    56 | D        | Reached XP level 24. HP: 227/227 MP: 9/54
    56 | D        | Killed a destroyer
    57 | D        | Noticed a destroyer
    58 | D        | Noticed an accursed
    59 | D        | Reached XP level 25. HP: 234/234 MP: 10/54
    61 | D        | Killed a destroyer
    66 | D        | Noticed a destroyer
    68 | D        | Killed an accursed
    68 | D        | Gained mutation: You can hurl damnation. [demonic ancestry]
    68 | D        | Reached XP level 26. HP: 242/242 MP: 12/54
    71 | D        | Reached skill level 27 in Evocations
    72 | D        | Killed a destroyer
    75 | D        | Noticed a meat beast
    76 | D        | Learned a level 2 spell: Shroud of Golubria
    77 | D        | Noticed a meat beast
    78 | D        | Killed a meat beast
    78 | D        | Reached skill level 27 in Charms
    78 | D        | Gained mutation: You frequently emit foul miasma when damaged in melee. [demonic ancestry]
    78 | D        | Reached XP level 27. HP: 249/249 MP: 14/54
    82 | D        | Killed a meat beast
    85 | D        | Noticed a meat beast
    86 | D        | Noticed a large bag of meat
    86 | D        | Noticed a destroyer
    86 | D        | Noticed a dread
    86 | D        | Noticed a destroyer
    87 | D        | Noticed The Servant
    88 | D        | Killed a meat beast
    90 | D        | Killed a dread
    91 | D        | Noticed a large bag of meat
    91 | D        | Killed a destroyer
    93 | D        | Killed a destroyer
    94 | D        | Noticed a tyrant
    95 | D        | Killed The Servant
    95 | D        | Killed a tyrant
    95 | D        | Killed a large bag of meat
    96 | D        | Noticed a large bag of meat
    98 | D        | Noticed a meat beast
    99 | D        | Noticed a destroyer
    99 | D        | Noticed a meat beast
   100 | D        | Killed a meat beast
   100 | D        | Killed a destroyer
   101 | D        | Killed a meat beast
   102 | D        | Killed a large bag of meat
   104 | D        | Noticed a tyrant
   105 | D        | Killed a destroyer
   106 | D        | Noticed a destroyer
   107 | D        | Noticed a dread
   112 | D        | Killed a destroyer
   113 | D        | Noticed a large bag of meat
   113 | D        | Killed a tyrant
   113 | D        | Killed a destroyer
   114 | D        | Killed a dread
   120 | D        | Noticed an accursed
   121 | D        | Noticed a destroyer
   122 | D        | Killed a large bag of meat
   123 | D        | Killed a large bag of meat
   125 | D        | Noticed a fleshlord
   127 | D        | Noticed a destroyer
   128 | D        | Killed an accursed
   128 | D        | Killed a destroyer
   130 | D        | Noticed a dread
   131 | D        | Killed from afar by a wretched soul

Skill      XL: |  1  2  3  4  5  6  7  8  9 10 11 12 13 14 15 16 17 18 19 20 21 22 23 24 25 26 |
---------------+-------------------------------------------------------------------------------+-----
Axes           | 23 27 | 27.0
Throwing       | 1 3 4 5 7 9 10 12 15 25 27 | 27.0
Armour         | 1 3 4 5 7 9 10 12 15 25 27 | 27.0
Dodging        | 2 7 9 12 15 18 20 24 27 | 27.0
Unarmed Combat | 2 7 10 12 15 18 20 24 27 | 27.0
Spellcasting   | 3 9 12 15 19 22 25 27 | 27.0
Fighting       | 8 10 14 17 20 23 27 | 27.0
Stealth        | 19 27 | 27.0
Invocations    | 23 27 | 27.0
Translocations | 24 27 | 27.0
Evocations     | 27 | 27.0
Charms         | 27 | 27.0

Action                   |  1- 3 |  4- 6 |  7- 9 | 10-12 | 13-15 | 16-18 | 19-21 | 22-24 | 25-27 || total
-------------------------+-------+-------+-------+-------+-------+-------+-------+-------+-------++-------
Melee: Executioner's axe |     1 |       |       |     2 |     2 |     3 |     7 |     8 |    42 ||    65
 Cast: Passage of Golubr |       |       |       |       |       |     1 |     2 |     1 |     3 ||     7
       Shroud of Golubri |       |       |       |       |       |       |       |       |     2 ||     2
       Blink             |       |       |       |       |       |       |       |       |     1 ||     1
Invok: Greater Servant o |       |       |       |       |       |       |       |       |     5 ||     5
  Use: Potion            |       |       |       |       |       |       |       |       |     3 ||     3
 Stab: Distracted        |       |       |       |       |       |       |       |       |     1 ||     1
Dodge: Dodged            |       |       |       |       |       |       |       |       |     2 ||     2
